[Event "Live Chess"]
[Site "Chess.com"]
[Date "2024.06.01"]
[Round "-"]
[White "Harry_Li"]
[Black "vincents82"]
[Result "0-1"]
[WhiteElo "2082"]
[BlackElo "2150"]
[TimeControl "300"]
[EndTime "9:07:28 PDT"]
[Termination "vincents82 won by resignation"]

1. e4 d5 2. exd5 Qxd5 3. Nc3 Qd8 4. d4 Nf6 5. Nf3 Bg4 6. h3 Bxf3 7. Qxf3 c6 8. g4 e6 9. g5 Nd5 10. Ne4 Nd7 11. Bd2 Be7 12. O-O-O a5 13. Kb1 a4 14.
a3 b5 15. h4 b4 16. axb4 Nxb4 17. h5 a3 18. bxa3 Nd5 19. Bc4 Rxa3 20. Bb3 Qa8 21. Kb2 N7b6 22. Ra1 Na4+ 23. Bxa4 Rxa4 24. Rxa4 Qxa4 25.
g6 f5 26. Nc3 Ba3+ 27. Ka2 Nb4+ 0-1

[Event "Live Chess"]
[Site "Chess.com"]
[Date "2024.06.01"]
[Round "-"]
[White "FlyingChessKestrel13"]
[Black "CarmelJane"]
[Result "1-0"]
[WhiteElo "2119"]
[BlackElo "2114"]
[TimeControl "300"]
[EndTime "9:07:32 PDT"]
[Termination "FlyingChessKestrel13 won by resignation"]

1. e4 c5 2. Nc3 e6 3. Nf3 a6 4. d4 cxd4 5. Nxd4 Qc7 6. Bd2 Bc5 7. Nb3 Ba7 8. Bd3 Nf6 9. O-O d6 10. Bf4 O-O 11. Kh1 e5 12. Bg3 b5 13. Bh4 Nbd7 14.
a3 Bb7 15. f3 h6 16. a4 b4 17.
Ne2 a5 18. Bb5 Rac8 19. Rc1 Be3 20. Rb1 Qxc2 21. Qxc2 Rxc2 22. Rfd1 Rxe2 23. Bxe2 Nh5 24. Rxd6 Ndf6 25. g3 g5 26. Bxg5 Bxg5 27. Nxa5 Ba8 28. Nc6 Ne8 29. Rbd1 Nxd6 30. Rxd6 Rc8 31. Bb5 Ng7 32. h4 Be3 33. Ne7+ Kh7 34. Nxc8 Ne6 35. Rd7 Kg6 36. Ne7+ Kf6 37. Nd5+ Bxd5 38. Rxd5 Nd4 39. Kg2 Bc1 40. a5 Bxb2 41. a6 Ne6 42. a7 Nc7 43.
Rc5 Na8 44. Bc6 Bd4 45. Rb5 Nc7 46. a8=Q Nxa8 47. Bxa8 1-0

[Event "Live Chess"]
[Site "Chess.com"]
[Date "2024.06.01"]
[Round "-"]
[White "nigelst"]
[Black "NeilDruggan73"]
[Result "1-0"]
[WhiteElo "1768"]
[BlackElo "1737"]
[TimeControl "300"]
[EndTime "9:07:34 PDT"]
[Termination "nigelst won by checkmate"]

1. e4 d6 2. d4 Nf6 3. Nc3 g6 4. f4 Bg7 5. e5 Nfd7 6. Nf3 O-O 7. Ng5 h6 8. Nxf7 Kxf7 9. e6+ Kxe6 10. Bc4+ Kf6 11.
Ne4+ Kf5 12. g4+ Kxe4 13. Qe2+ Kxd4 14. Be3+ Ke4 15. Qd3+ Kf3 16. O-O+ Kxg4 17. Be6+ Kh5 18. Qe2+ Kh4 19. Bf2# 1-0

[Event "Live Chess"]
[Site "Chess.com"]
[Date "2024.06.01"]
[Round "-"]
[White "Waterphall"]
[Black "elephantgerrald"]
[Result "1-0"]
[WhiteElo "743"]
[BlackElo "702"]
[TimeControl "300"]
[EndTime "9:07:44 PDT"]
[Termination "Waterphall won by checkmate"]

1. c4 e5 2. Nc3 Nf6 3. g3 Nc6 4.
Bg2 Bb4 5. e3 Bxc3 6. dxc3 O-O 7. Ne2 d6 8. O-O Bg4 9. b3 Qd7 10. Qc2 Rfe8 11. Kh1 e4 12. Ng1 Bh3 13. Nxh3 Ng4 14. b4 b6 15. b5 Nce5 16. Bxe4 g6 17. Bxa8 Rxa8 18. Qe4 h5 19. Qxa8+ Kh7 20. Qxa7 Nxe3 21.
Bxe3 Qxh3 22. Qxc7 Nf3 23. Qxf7+ Kh8 24. Qxf3 Qd7 25.
Bd4+ Kh7 26. Rae1 Kg8 27. Re4 Qb7 28. Rf4 Qxf3+ 29. Rxf3 Kh7 30. Re1 Kh6 31. Re6 Kg5 32. Rxd6 Kg4 33. Rff6 Kg5 34. Rxb6 Kg4 35. Rxg6+ Kf5 36. Rbf6+ Ke4 37. Rf4+ Kd3 38. g4 hxg4 39. Rgxg4 Ke2 40. Rg2 Kd3 41. Rf3+ Kxc4 42. b6 Kb5 43. b7 Ka4 44. b8=Q Ka3 45. Rf6 Kxa2 46. Ra6# 1-0

[Event "Live Chess"]
[Site "Chess.com"]
[Date "2024.06.01"]
[Round "-"]
[White "peteopeteo"]
[Black "DoctorMantisTobogganMD"]
[Result "0-1"]
[WhiteElo "1609"]
[BlackElo "2204"]
[TimeControl "300"]
[EndTime "9:07:51 PDT"]
[Termination "DoctorMantisTobogganMD won by resignation"]

1. e4 c6 2. Nc3 g6 3. Nf3 Bg7 4. Bc4 e6 5. d3 d5 6. exd5 exd5 7. Bb3 Nf6 8. Ne2 O-O 9. Ng3 Bg4 10. O-O Nbd7 11.
Re1 Re8 12. Rxe8+ Qxe8 13. c3 Bxf3 14. Qxf3 Qe1+ 15. Nf1 Re8 16. Qd1 Nc5 17. d4 Nxb3 18.
axb3 a6 19. Qxe1 Rxe1 20. h3 Ne4 21. Be3 Rxa1 22. g3 Rb1 23. Kg2 Rxb2 24. Bf4 Rxb3 25. Ne3 Nxc3 0-1

[Event "Live Chess"]
[Site "Chess.com"]
[Date "2024.06.01"]
[Round "-"]
[White "Trecregin"]
[Black "Colm_Buckley"]
[Result "0-1"]
[WhiteElo "1759"]
[BlackElo "1817"]
[TimeControl "300"]
[EndTime "9:07:53 PDT"]
[Termination "Colm_Buckley won by resignation"]

1. e4 e6 2. d4 d5 3. Nc3 Nf6 4. e5 Nfd7 5. f4 c5 6. Nf3 Nc6 7. Be3 a6 8. Qd2 b5 9. Be2 Qb6 10. O-O cxd4 11. Nxd4 Bc5 12. Rad1 Bb7 13. Kh1 O-O 14.
Bg1 Nxd4 15. Bxd4 Bxd4 16. Qxd4 Rfc8 17. Qd2 Nc5 18. Bd3 Nxd3 19. Qxd3 b4 20. Ne2 Qc5 21.
Nd4 a5 22. Rd2 Ba6 23. Qf3 Bxf1 24. Qxf1 Qe7 25. g3 Rc4 26. Qf2 Rac8 27. Qe3 g6 28. Qd3 R8c5 29. Nb3 Rb5 30. Nd4 Rb6 31. Kg2 Qc7 32. h4 a4 33. Kh3 Qc5 34. h5 Rb7 35. hxg6 hxg6 36. Kg4 Kf8 37. Kf3 Ke7 38. Kg4 Qc8 39. Qe3 Qh8 40. Kf3 Qh5+ 41. Kg2 Rbc7 42. Rd1 Qxd1 0-1

[Event "Live Chess"]
[Site "Chess.com"]
[Date "2024.06.01"]
[Round "-"]
[White "WildMantra69"]
[Black "EdenHazard8"]
[Result "0-1"]
[WhiteElo "2013"]
[BlackElo "2197"]
[TimeControl "300"]
[EndTime "9:07:54 PDT"]
[Termination "EdenHazard8 won by resignation"]

1. d4 Nf6 2. c4 e6 3. Nc3 c5 4. e3 cxd4 5. exd4 d5 6. cxd5 exd5 7.
Nf3 Nc6 8. Bg5 Be7 9. Bb5 O-O 10.
O-O h6 11. Bf4 Be6 12. Re1 Qb6 13. Bxc6 bxc6 14. Qd2 Bb4 15. Ne5 Ne4 16. Qc1 Qxd4 17. Nxe4 Bxe1 18. Qxe1 Qxe4 19. Qc1 c5 20. Bg3 c4 21. f3 Qd4+ 22. Kh1 Rac8 23. Qe1 Qxb2 24. Ng4 Bxg4 25. fxg4 Rfe8 26. Qf1 c3 27. Rb1 Qxa2 28. Rb7 d4 29. h4 c2 30. Kh2 c1=Q 31. Qf5 Qe6 32. Qf3 Qcc6 0-1

[Event "Live Chess"]
[Site "Chess.com"]
[Date "2024.06.01"]
[Round "-"]
[White "dl_chess"]
[Black "f4nomore"]
[Result "0-1"]
[WhiteElo "1171"]
[BlackElo "1197"]
[TimeControl "300"]
[EndTime "9:08:04 PDT"]
[Termination "f4nomore won by checkmate"]

1. e3 g6 2. d4 Bg7 3. Bc4 d6 4. Nf3 e6 5. Nc3 Nf6 6. Bd2 O-O 7. O-O Nbd7 8. e4 a6 9. a4 c5 10. Be3 cxd4 11. Nxd4 Nb6 12. Bb3 d5 13. exd5 Nbxd5 14. Nxd5 exd5 15. Qf3 Ne4 16. h3 Be6 17. Qe2 Rc8 18. f3 Ng3 19. Qf2 Nxf1 20. Qxf1 b5 21. axb5 axb5 22. Nxb5 Bxb2 23. Rb1 Bg7 24. Nd4 Rc3 25. Qe1 Qc8 26. Rd1 Re8 27. Kh1 Bxh3 28.
gxh3 Qxh3+ 29. Kg1 Rcxe3 30. Qf2 Bxd4 31. Rxd4 Re1+ 32.
Qxe1 Rxe1+ 33. Kf2 Qf1+ 34. Kg3 Qg1+ 35. Kf4 Qxd4+ 36.
Kg3 Re3 37. Kg2 Qf4 38. Bxd5 Kg7 39. Kf2 Rc3 40. Be4 Qe3+ 41. Kg3 Rc5 42. Kg2 Rg5+ 43.
Kf1 Rh5 44. Kg2 Qd2+ 45. Kg3 Qh2+ 46. Kg4 f5+ 47. Bxf5 gxf5# 0-1

[Event "Live Chess"]
[Site "Chess.com"]
[Date "2024.06.01"]
[Round "-"]
[White "KwikPhoenix"]
[Black "Yarigo"]
[Result "1/2-1/2"]
[WhiteElo "2464"]
[BlackElo "2444"]
[TimeControl "300"]
[EndTime "9:08:20 PDT"]
[Termination "Game drawn by agreement"]

1. Nc3 e5 2. Nf3 Nc6 3. d4 exd4 4. Nxd4 Nf6 5. Bg5 Bb4 6. Nxc6 bxc6 7. Qd4 Qe7 8. e3 O-O 9. a3 Bxc3+ 10. Qxc3 a5 11. Bxf6 Qxf6 12. Qxf6 gxf6 13. O-O-O d6 14. Be2 c5 15.
Bf3 Rb8 16. h4 Be6 17. h5 h6 18. Rh4 Rfd8 19. Bd5 Kf8 20. Ra4 Rb5 21. Bc6 Rb6 22.
Bf3 Rdb8 23. b3 c4 24. bxc4 Rb2 25. Rxa5 Ra2 26. Rb5 Rxb5 27. cxb5 Rxa3 28. Kb2 Ra2+ 29. Kc3 Ke7 30. Bd5 Ra4 31. Bxe6 fxe6 32. Rd4 Ra1 33. Rc4 Kd7 34. Rg4 Rh1 35. Rg7+ Kc8 36. g4 f5 37.
g5 Rxh5 38. g6 Rg5 39. Kb4 h5 40. Rh7 Rxg6 41. Rxh5 Rg2 42. Rh8+ Kb7 43. Re8 e5 44. c4 Rxf2 45. Rf8 f4 46. exf4 Rxf4 47. Re8 1/2-1/2

[Event "Live Chess"]
[Site "Chess.com"]
[Date "2024.06.01"]
[Round "-"]
[White "booktrunk"]
[Black "Tatarinov_Maxim"]
[Result "0-1"]
[WhiteElo "1376"]
[BlackElo "2281"]
[TimeControl "300"]
[EndTime "9:08:21 PDT"]
[Termination "Tatarinov_Maxim won by resignation"]

1. d4 Nf6 2. Nc3 g6 3. Bf4 Bg7 4. Nb5 d6 5. e3 O-O 6. Nc3 c5 7. dxc5 dxc5 8. Qxd8 Rxd8 9. Bd3 Nc6 10. Nf3 Nb4 11. Rd1 Nxd3+ 12. Rxd3 Rxd3 13. cxd3 Bf5 14. e4 Bg4 15. Ne5 Be6 16. O-O Nh5 17. g3 Nxf4 18. gxf4 Rd8 19. Rd1 g5 20. Nf3 gxf4 21.
Nb5 Bxa2 22. Nxa7 Bc4 23. Rc1 Bxd3 24. Rxc5 Bxe4 25. Ne1 Bxb2 26. Nb5 Rd1 0-1

[Event "Live Chess"]
[Site "Chess.com"]
[Date "2024.06.01"]
[Round "-"]
[White "blunderabit"]
[Black "Andysav3"]
[Result "0-1"]
[WhiteElo "1812"]
[BlackElo "1826"]
[TimeControl "300"]
[EndTime "9:08:29 PDT"]
[Termination "Andysav3 won by resignation"]

1. e4 c5 2. Nf3 Nc6 3. Bb5 Nd4 4. Nxd4 cxd4 5. O-O Qb6 6. Ba4 g6 7. d3 Bg7 8. f4 e6 9. f5 Nf6 10. fxe6 fxe6 11.
e5 Nd5 12. Qe2 Qc7 13. c4 dxc3 14. Nxc3 Nxc3 15. bxc3 Qxe5 16. Qxe5 Bxe5 17. Ba3 a6 18. Rae1 Bxc3 19. Rxe6+ Kd8 20. Re7 b5 21. Bd6 bxa4 22. Ref7 Re8 23. Rc1 Bd4+ 24. Kf1 Ra7 25. Rf8 Rxf8+ 26.
Bxf8 Bb7 27. Bd6 Bc6 28. g3 Rb7 29. Ba3 Bb2 30. Bxb2 Rxb2 31. Ra1 a3 32. Kg1 Bb5 33.
d4 Bc4 34. Kh1 d5 35. Kg1 Bxa2 0-1

[Event "Live Chess"]
[Site "Chess.com"]
[Date "2024.06.01"]
[Round "-"]
[White "Duke_of_Bebington"]
[Black "Delacorta"]
[Result "1-0"]
[WhiteElo "1622"]
[BlackElo "1404"]
[TimeControl "300"]
[EndTime "9:08:30 PDT"]
[Termination "Duke_of_Bebington won by resignation"]

1. e4 e6 2. d4 d5 3. Nd2 dxe4 4. Nxe4 Bd7 5. Bd3 Bc6 6. Ne2 Nd7 7. O-O Ngf6 8. Bg5 Be7 9. Nxf6+ Bxf6 10. Bxf6 Nxf6 11. Ng3 O-O 12. Re1 b6 13. c3 Qd5 14. f3 Qd7 15.
Qc2 g6 16. Rad1 Nd5 17. Qd2 Bb5 18. c4 Ba4 19. b3 Bc6 20. cxd5 Bxd5 21. Be4 a5 22.
Bxd5 Qxd5 23. Ne4 a4 24. Nf6+ 1-0

[Event "Live Chess"]
[Site "Chess.com"]
[Date "2024.06.01"]
[Round "-"]
[White "Cruiseylee78"]
[Black "DarranAS"]
[Result "1-0"]
[WhiteElo "1667"]
[BlackElo "1586"]
[TimeControl "300"]
[EndTime "9:08:32 PDT"]
[Termination "Cruiseylee78 won by checkmate"]

1. d4 d5 2. Bf4 Nf6 3. e3 c6 4. Bd3 g6 5. Nf3 Nbd7 6. Nbd2 Bg7 7. c3 O-O 8. Qc2 b6 9. h3 Bb7 10. O-O-O Rc8 11. Qa4 a5 12. g4 c5 13. Bb5 c4 14.
g5 Ne4 15. Bxd7 Nxf2 16. Rdf1 Nd3+ 17. Kb1 Nxf4 18. Bxc8 Bxc8 19. exf4 Bd7 20. Qa3 Qc7 21.
h4 Qxf4 22. Ne5 Bf5+ 23. Kc1 Qe3 24. Qxe7 Bxe5 25. dxe5 Qd3 26. Rxf5 Qxf5 27. h5 gxh5 28. Rxh5 Qg6 29. Rh6 Qf5 30. e6 f6 31. gxf6 Qg5 32.
Qxh7# 1-0

[Event "Live Chess"]
[Site "Chess.com"]
[Date "2024.06.01"]
[Round "-"]
[White "ACM42"]
[Black "IanCalvert2"]
[Result "1-0"]
[WhiteElo "2214"]
[BlackElo "1629"]
[TimeControl "300"]
[EndTime "9:08:39 PDT"]
[Termination "ACM42 won by resignation"]

1. e4 d5 2. exd5 Qxd5 3. Nc3 Qd6 4. Nf3 Nf6 5. Be2 Bf5 6. d4 a6 7. O-O Nc6 8. Be3 O-O-O 9. Qc1 e5 10. dxe5 Nxe5 11.
Bf4 Nxf3+ 12. Bxf3 Qb6 13. a3 Bd6 14. Be3 Qa5 15.
Rd1 Qe5 16. g3 Bc5 17. Bf4 Rxd1+ 18. Qxd1 Qd4 19. Qxd4 Bxd4 20. Rc1 Bxc3 21. bxc3 Ne4 22. c4 f6 23. Re1 Re8 24. c5 Kd8 25. c4 Nxc5 26.
Bxc7+ Kd7 27. Rxe8 Kxe8 28. Bd6 b6 29. Bc7 b5 30. cxb5 axb5 31. Bd6 Ne4 32. Bb4 Kd7 33. h4 Kc6 34. g4 1-0

[Event "Live Chess"]
[Site "Chess.com"]
[Date "2024.06.01"]
[Round "-"]
[White "MellowAesthetic"]
[Black "YrrriKharkiv"]
[Result "0-1"]
[WhiteElo "2061"]
[BlackElo "2093"]
[TimeControl "300"]
[EndTime "9:08:48 PDT"]
[Termination "YrrriKharkiv won on time"]

1. e4 e6 2. d4 d5 3. Nd2 Nf6 4. e5 Nfd7 5. Bd3 c5 6. c3 Nc6 7.
Ne2 f6 8. exf6 Nxf6 9. O-O Bd6 10. Nf3 Bd7 11. Bf4 Qe7 12. Re1 O-O-O 13. Bxd6 Qxd6 14. dxc5 Qxc5 15. Ned4 Rde8 16. Ne5 Nxe5 17. Rxe5 Qd6 18.
f4 g5 19. Rxg5 Qxf4 20. Rg3 h5 21. Rf3 Qe5 22. Qe1 Ng4 23. Qg3 Qxg3 24. Rxg3 e5 25. Nb5 Rh6 26. h4 a6 27. Na3 e4 28. Be2 Rg8 29. Rf1 Be6 30. Nc2 Rhg6 31. Nd4 Bd7 32.
Rf7 R6g7 33. Rxg7 Rxg7 34. Bxg4 Bxg4 35. Re3 Rf7 36. Re1 Kc7 37. Rf1 Rxf1+ 38. Kxf1 Kd6 39.
Kf2 Ke5 40. Ke3 Bd7 41. a3 b5 42. Ne2 Bg4 43. Nd4 Kd6 44. Nc2 Kc5 45. Nb4 a5 46. Nc2 Bd1 47. Ne1 b4 48. g3 bxa3 0-1

[Event "Live Chess"]
[Site "Chess.com"]
[Date "2024.06.01"]
[Round "-"]
[White "gmnorfolk"]
[Black "Kyrylo7770"]
[Result "1-0"]
[WhiteElo "2138"]
[BlackElo "1714"]
[TimeControl "300"]
[EndTime "9:08:54 PDT"]
[Termination "gmnorfolk won by checkmate"]

1. c4 c6 2. d4 d5 3. Nf3 Nf6 4. Nc3 Bg4 5. Ne5 Bh5 6. cxd5 cxd5 7. Qb3 e6 8. Qxb7 Nbd7 9. Nxd7 Nxd7 10. e4 Rb8 11. Qxa7 Bb4 12. exd5 Bxc3+ 13. bxc3 exd5 14. Bd3 O-O 15. O-O Nf6 16. Bg5 Qd6 17. Qc5 Qe6 18. Rfe1 Qg4 19. Bxf6 gxf6 20. Qxd5 Bg6 21. Bxg6 hxg6 22. f3 Qh4 23. Qe4 Qh6 24. Qe3 Qh4 25. Re2 Kg7 26. Rd1 Rh8 27. g3 Qh5 28. d5 Rbd8 29.
d6 Rhe8 30. Qxe8 Rxe8 31. Rxe8 Qxf3 32. Ree1 Qxc3 33. d7 Qc5+ 34. Kg2 Qc6+ 35. Kh3 Qc5 36. d8=Q Qf5+ 37. Kg2 Qc2+ 38. Qd2 Qc6+ 39. Qd5 Qc2+ 40.
Rd2 Qc3 41. Qd4 Qc6+ 42. Kg1 Qf3 43. Rf1 Qh5 44. Qxf6+ Kh6 45. Qh8+ Kg5 46. h4+ Kg4 47. Qd4+ Kxg3 48. Rg2+ Kh3 49. Qe3+ Kxh4 50. Qg3# 1-0

[Event "Live Chess"]
[Site "Chess.com"]
[Date "2024.06.01"]
[Round "-"]
[White "CheckThis4"]
[Black "willc-h99"]
[Result "1-0"]
[WhiteElo "2692"]
[BlackElo "2667"]
[TimeControl "300"]
[EndTime "9:08:56 PDT"]
[Termination "CheckThis4 won by resignation"]

1. e4 d5 2. exd5 Qxd5 3. Nc3 Qd6 4. d4 Nf6 5. Nf3 c6 6. g3 Bg4 7. Bf4 Qd8 8. Bg2 e6 9. h3 Bxf3 10. Qxf3 Bd6 11. O-O-O O-O 12. Rhe1 Na6 13. Kb1 Nb4 14. Be5 Nfd5 15. Ne4 Be7 16. a3 Na6 17. c4 Nf6 18.
Nc3 Qc8 19. g4 Nd7 20. Bg3 Nb6 21. Qe2 Re8 22. h4 Bf8 23. g5 Nd7 24. h5 Nc7 25. g6 fxg6 26. hxg6 hxg6 27. Be4 e5 28. d5 cxd5 29.
cxd5 Nf6 30. Bxg6 a5 31. d6 Ne6 32. Bxe5 Nf4 33. Qc2 Nxg6 34. Qxg6 Re6 35. d7 Qc5 36.
Bxf6 Rxf6 37. Qe8 Rxf2 38. Qe6+ Rf7 1-0

[Event "Live Chess"]
[Site "Chess.com"]
[Date "2024.06.01"]
[Round "-"]
[White "viktorskliarov"]
[Black "Grieve72"]
[Result "1-0"]
[WhiteElo "2646"]
[BlackElo "2650"]
[TimeControl "300"]
[EndTime "9:09:07 PDT"]
[Termination "viktorskliarov won by checkmate"]

1. e4 c5 2. Nf3 e6 3. d4 cxd4 4.
Nxd4 Nc6 5. Nc3 Qc7 6. Be2 Nf6 7. O-O a6 8. Be3 Be7 9. f4 d6 10. Kh1 O-O 11. Qe1 Nxd4 12. Bxd4 b5 13. a3 Nd7 14. Qg3 Bf6 15. Rad1 Bb7 16. Bf3 Bxd4 17. Rxd4 Nb6 18. f5 exf5 19. exf5 f6 20. Bxb7 Qxb7 21. Rfd1 Rae8 22.
Rxd6 Re7 23. Nd5 Nxd5 24. R6xd5 Rfe8 25. h3 Re3 26. Qd6 h5 27. R1d3 Re1+ 28. Kh2 R8e2 29. Rg3 Rxc2 30. Qxf6 Re8 31. Qg6 Rf8 32. f6 Rc7 33.
Rxh5 Qc6 34. Qh7+ Kf7 35. Rxg7+ Ke6 36. Qf5+ Kd6 37. Qe5# 1-0

[Event "Live Chess"]
[Site "Chess.com"]
[Date "2024.06.01"]
[Round "-"]
[White "Frankie_Badacsonyi"]
[Black "defenderalist"]
[Result "1-0"]
[WhiteElo "2455"]
[BlackElo "1469"]
[TimeControl "300"]
[EndTime "9:09:07 PDT"]
[Termination "Frankie_Badacsonyi won by resignation"]

1. e4 c5 2. Nf3 d6 3. d4 cxd4 4.
Nxd4 Nc6 5. Nc3 Nf6 6. Bg5 h6 7.
Bxf6 gxf6 8. Bc4 Ne5 9. Bb3 Bg4 10. f3 Bh5 11. Ba4+ Nd7 12. Qd3 a6 13. g4 Bg6 14. Nf5 Qc7 15. O-O-O e6 16. Ne3 Be7 17. Kb1 b5 18. Bb3 Nc5 19. Qd2 Nxb3 20. axb3 O-O 21.
h4 b4 22. Ne2 Rfc8 23. Nf4 e5 24. Nfd5 Qb7 25. Nf5 Bf8 26. Nxf6+ Kh8 27. Nd5 Bxf5 28. gxf5 Bg7 29. f6 Bf8 30. Rhg1 a5 31. Qg2 1-0

[Event "Live Chess"]
[Site "Chess.com"]
[Date "2024.06.01"]
[Round "-"]
[White "jimwad"]
[Black "Brooms1989"]
[Result "1-0"]
[WhiteElo "1199"]
[BlackElo "1008"]
[TimeControl "300"]
[EndTime "9:09:10 PDT"]
[Termination "jimwad won by resignation"]

1. c4 Nf6 2. g3 g6 3. Bg2 Bg7 4. Nc3 O-O 5. e3 d6 6. Nge2 e5 7. d4 exd4 8. exd4 Nc6 9. O-O Bd7 10.
a3 Qc8 11. Be3 Bh3 12. Nf4 Bxg2 13. Kxg2 Ne7 14. b4 Nf5 15. Re1 Nxe3+ 16. Rxe3 Re8 17.
Nfd5 Rxe3 18. Nxe3 Qd7 19. Qd2 Re8 20. Re1 Ne4 21.
Nxe4 Rxe4 22. d5 f5 23. f3 Re8 24. Nc2 Kf7 25. Rxe8 Qxe8 26. Qe3 Qxe3 27. Nxe3 Bb2 28. a4 c6 29. dxc6 bxc6 30. b5 cxb5 31. axb5 Ke6 32.
f4 Bd4 33. Nd5 Bc5 34. Kf3 h6 35. h4 Bb6 36. g4 fxg4+ 37. Kxg4 Bc5 38. h5 gxh5+ 39.
Kxh5 Kf5 40. Kxh6 Bd4 41. Kh5 Bb2 42. Kh4 Bc1 43. Kg3 Bd2 44. Ne7+ Ke6 45. Nc6 1-0

[Event "Live Chess"]
[Site "Chess.com"]
[Date "2024.06.01"]
[Round "-"]
[White "Bradfield133"]
[Black "GwaryTek"]
[Result "0-1"]
[WhiteElo "2018"]
[BlackElo "2066"]
[TimeControl "300"]
[EndTime "9:09:15 PDT"]
[Termination "GwaryTek won by checkmate"]

1. c4 c6 2. Qa4 Nf6 3. g3 Na6 4. Bg2 Nc7 5. Nf3 d6 6. O-O e5 7.
d3 Be7 8. Nbd2 O-O 9. a3 Ne6 10. b4 Bd7 11. Qc2 Re8 12. Bb2 g6 13. e4 Ng7 14. d4 exd4 15. Nxd4 Rc8 16. N4b3 d5 17.
e5 Ng4 18. h3 Nh6 19. cxd5 cxd5 20. Qd3 Be6 21. Qe3 Bg5 22. f4 Nhf5 23. Qxa7 Be7 24. Qf2 Rc2 25. Rab1 Qa8 26. Rfc1 Rec8 27. Nc5 R8xc5 28.
bxc5 Bxc5 29. Rxc2 Bxf2+ 30. Kxf2 Qa7+ 31. Ke1 Ne3 32. Ne4 Nxc2+ 33. Kd2 dxe4 34. Kxc2 Qf2+ 35. Kc3 Qxg2 36.
Rd1 Qf3+ 37. Rd3 Qxd3+ 38. Kb4 Qb3+ 39. Kc5 Ne8 40. Bd4 Qc4+ 41. Kb6 Qxd4+ 42. Kxb7 Qc5 43. a4 Qc7+ 44. Ka6 Bc4# 0-1

[Event "Live Chess"]
[Site "Chess.com"]
[Date "2024.06.01"]
[Round "-"]
[White "Mangoalo"]
[Black "TheSmoulderingMaster"]
[Result "0-1"]
[WhiteElo "1004"]
[BlackElo "1734"]
[TimeControl "300"]
[EndTime "9:09:21 PDT"]
[Termination "TheSmoulderingMaster won by resignation"]

1. e4 c5 2. Nf3 d6 3. d4 cxd4 4. Nxd4 Nf6 5. Nc3 g6 6. Bg5 Bg7 7. Bb5+ Nbd7 8. Bxd7+ Bxd7 9. Bxf6 Bxf6 10. Qd2 O-O 11. O-O-O a5 12. g4 a4 13. a3 Qb6 14. g5 Be5 15. Nf3 Bg7 16. Nd5 Qd8 17.
Rhe1 Rc8 18. e5 Be6 19. exd6 exd6 20. Nf6+ Bxf6 21. gxf6 Qxf6 22. Nd4 Bb3 23. Nxb3 axb3 24. c3 Rfd8 25. Re3 b5 26. Rde1 d5 27. R1e2 d4 28.
Re8+ Rxe8 29. Rxe8+ Rxe8 30. Qxd4 0-1

[Event "Live Chess"]
[Site "Chess.com"]
[Date "2024.06.01"]
[Round "-"]
[White "TigerTank70"]
[Black "Shorr-Kan"]
[Result "1-0"]
[WhiteElo "2209"]
[BlackElo "1046"]
[TimeControl "300"]
[EndTime "9:09:23 PDT"]
[Termination "TigerTank70 won by checkmate"]

1. e4 e6 2. d4 d5 3. e5 c5 4.
c3 Nc6 5. Nf3 Qb6 6. a3 cxd4 7.
cxd4 Nh6 8. Nc3 Nf5 9. Na4 Qc7 10. Be3 Nxe3 11. fxe3 Qa5+ 12. Nc3 Bd7 13. Bd3 Be7 14. O-O O-O 15. b4 Qc7 16. Rc1 f6 17. b5 Nd8 18. Nxd5 Qa5 19. Nxe7+ Kh8 20. exf6 Rxf6 21.
Ne5 Qxa3 22. Qh5 Nf7 23. Qxh7# 1-0

[Event "Live Chess"]
[Site "Chess.com"]
[Date "2024.06.01"]
[Round "-"]
[White "raimundklein"]
[Black "Bazzza132"]
[Result "0-1"]
[WhiteElo "1642"]
[BlackElo "1687"]
[TimeControl "300"]
[EndTime "9:09:26 PDT"]
[Termination "Bazzza132 won by resignation"]

1. e4 e5 2. Nf3 d6 3. d4 exd4 4. Nxd4 Nf6 5. Nc3 Nc6 6. Bb5 Bd7 7. Nf5 a6 8. Bxc6 Bxc6 9. f3 g6 10. Nd4 Bg7 11. Nxc6 bxc6 12. O-O O-O 13. Bg5 h6 14. Bh4 Rb8 15. Rb1 Qd7 16. Qe2 Nh5 17. Qxa6 Bd4+ 18. Bf2 Be5 19. Be3 Kh7 20. Rfd1 Ra8 21. Qc4 f5 22. exf5 Rf6 23. fxg6+ Rxg6 24. Qh4 Rag8 25.
Rd2 Qf5 26. Rf2 Nf4 27. Bxf4 Bd4 28. g3 Bxf2+ 29. Kxf2 Qxc2+ 30. Kg1 Qf5 31. Ne4 d5 32. Nc3 Qd3 33. Rf1 Qd4+ 34. Kg2 Qd3 35. Rf2 Re8 36. Qh3 Re7 37. Qc8 Rge6 38. Qf8 Qg6 39. Qd8 Rg7 40. Bxc7 Ree7 41. Bf4 Rd7 42. Qh4 Rdf7 43. Be5 Rg8 44. Qa4 Re8 45. f4 Qe6 46. Ne2 h5 47.
Nd4 Qg6 48. Qxc6 Qe4+ 49. Nf3 d4 50. Bxd4 Qxc6 51. Be5 Rg8 52. h4 Rf5 0-1

[Event "Live Chess"]
[Site "Chess.com"]
[Date "2024.06.01"]
[Round "-"]
[White "PedroCI"]
[Black "OliWally08"]
[Result "1-0"]
[WhiteElo "1272"]
[BlackElo "1250"]
[TimeControl "300"]
[EndTime "9:09:26 PDT"]
[Termination "PedroCI won on time"]

1. e4 d5 2. exd5 Nf6 3. Nc3 Nxd5 4. Bc4 Nxc3 5. bxc3 Bf5 6. Nf3 e6 7. O-O Bd6 8. d3 Qf6 9. Nd4 Nc6 10. Nxf5 Qxf5 11.
d4 O-O-O 12. Bd3 Qf6 13. Qg4 h5 14. Qe4 g5 15. Rb1 h4 16. h3 Rdg8 17. Be2 Qg7 18. c4 Rh6 19. d5 f5 20. Qd3 Ne5 21. Qb3 c6 22. Bb2 exd5 23. Bxe5 Bxe5 24. cxd5 cxd5 25.
Qxd5 Rd6 26. Qc5+ Kb8 27. Bf3 Rc6 28. Bxc6 1-0

[Event "Live Chess"]
[Site "Chess.com"]
[Date "2024.06.01"]
[Round "-"]
[White "gunslinger222"]
[Black "13Alexey"]
[Result "1-0"]
[WhiteElo "2269"]
[BlackElo "708"]
[TimeControl "300"]
[EndTime "9:09:27 PDT"]
[Termination "gunslinger222 won by checkmate"]

1. d4 d5 2. Nf3 Bf5 3. c3 e6 4.
Qb3 Qc8 5. Nh4 Bg6 6. Nxg6 hxg6 7. g3 Bd6 8. Bg2 Nd7 9. e4 dxe4 10. Bxe4 f5 11. Bxb7 Qb8 12. Qxe6+ Ne7 13. Bc6 Qc8 14. Nd2 Rb8 15. Nc4 Rf8 16. Bg5 a5 17. Nxd6+ cxd6 18. Qxe7# 1-0

[Event "Live Chess"]
[Site "Chess.com"]
[Date "2024.06.01"]
[Round "-"]
[White "Isambard_Thomas"]
[Black "Purple1szed"]
[Result "1-0"]
[WhiteElo "2093"]
[BlackElo "2094"]
[TimeControl "300"]
[EndTime "9:09:28 PDT"]
[Termination "Isambard_Thomas won on time"]

1. d4 d5 2. Nf3 Nf6 3. Bg5 c5 4. e3 Nc6 5. c3 cxd4 6. exd4 Bg4 7. Bd3 e6 8. Nbd2 h6 9. Bf4 Bd6 10. Bxd6 Qxd6 11. h3 Bh5 12. Qc2 O-O 13. O-O-O Rfc8 14. a3 Bxf3 15. Nxf3 a5 16. Kb1 Rcb8 17. Rhe1 b5 18. Ne5 b4 19. cxb4 Nxd4 20. Qc5 Qxc5 21. bxc5 Nb3 22. c6 a4 23. f4 Ra7 24. f5 Rc7 25. fxe6 fxe6 26. Ka2 Rb6 27. Bc2 Nc5 28. Rd4 Ra6 29.
Bg6 Nb3 30. Rb4 Ra8 31. Bc2 Na5 32. Rxa4 Raa7 33. Rc1 Ne8 34. Bg6 Nd6 35. Rc5 Nac4 36. Rxa7 Rxa7 37. c7 Ra8 38. Nc6 Nc8 39. Rb5 N4d6 40.
Rb8 Ra6 41. Ne7+ Kf8 42. Nxc8 Nxc8 43. Rxc8+ Ke7 44. Re8+ Kf6 45. c8=Q Kxg6 46. Qc2+ Kf6 47. Rf8+ Ke7 48. Rc8 Rd6 49. Rc7+ Rd7 50. Rxd7+ Kxd7 51. a4 Ke7 52. a5 Kf6 53. a6 g6 54. a7 h5 55. a8=Q Ke5 56. Qh8+ Kd6 57. b4 d4 58. Qc5+ Kd7 59. Qg7+ 1-0

[Event "Live Chess"]
[Site "Chess.com"]
[Date "2024.06.01"]
[Round "-"]
[White "Trendle"]
[Black "wadsy27"]
[Result "0-1"]
[WhiteElo "2619"]
[BlackElo "2599"]
[TimeControl "300"]
[EndTime "9:09:34 PDT"]
[Termination "wadsy27 won by resignation"]

1. e4 c5 2. Nc3 e6 3. f4 Nc6 4. Nf3 d5 5. Bb5 Ne7 6. exd5 Nxd5 7.
O-O Be7 8. Ne5 Bd7 9. Bxc6 Bxc6 10. Nxc6 bxc6 11. Ne4 Qb6 12. Kh1 Nf6 13. Qf3 Nxe4 14. Qxe4 O-O 15. d3 Bf6 16. Rb1 Rfd8 17. f5 Rd4 18.
Qf3 exf5 19. Qxf5 Rd5 20. Qg4 Qd8 21. b3 h5 22. Qf3 Qd7 23. Bf4 Bc3 24. Bg3 Re8 25.
h3 g6 26. Bh4 Rde5 27. Qf4 Re2 28. Rf2 Qd5 29. Rbf1 Rxf2 30. Qxf2 Bd4 31. Qd2 Re3 32. Kh2 Qe5+ 33. Kh1 Re2 34. Qa5 Qd5 35. Rf3 g5 36. c4 Qd7 37. Bxg5 Re1+ 38. Kh2 Bg1+ 39.
Kg3 Qd6+ 40. Bf4 Qg6+ 41. Kh4 Bd4 42. g4 hxg4 43. Qxe1 gxf3 44. Qe8+ Kh7 45. Be5 Bf2+ 0-1